Map: Ley Lines

Players

ByuN

  • Race: Terran Terran
  • Spawn Location: 1:00

Rogue - Winner!

  • Race: Zerg Zerg
  • Spawn Location: 7:00

VOD

Have the link to the VOD?

Description

Time

  • Played on: March 12, 2025, 8:22 a.m.
  • Length: 18:06
Show
View Real Time Build Order
Export as new Build Order

ByuN Terran 

Build Orders:  

Get SALT Encoding   

  12  0:00  SCV  
  13  0:12  SCV  
  14  0:17  Supply Depot  
  14  0:24  SCV  
  15  0:38  SCV  
  15  0:39  Barracks  
  16  0:42  Refinery  
  16  0:50  SCV  
  17  1:03  SCV  
  18  1:15  SCV  
  20  1:25  Reaper  
  20  1:27  Orbital Command  
  20  1:38  Command Center  
  20  1:46  Supply Depot  
  20  1:53  SCV  
  21  1:57  Marine  
  22  2:04  Factory  
  22  2:05  SCV  
  24  2:16  Barracks  
  24  2:20  Barracks Reactor  
  24  2:22  SCV  
  24  2:34  SCV  
  25  2:46  SCV  
  25  2:49  Command Center  
  26  2:54  Orbital Command  
  26  2:58  SCV  
  26  3:03  Barracks Reactor  
  27  3:07  Barracks Tech Lab  
  27  3:11  SCV  
  28  3:14  Hellion x2  
  32  3:22  SCV  
  32  3:23  SCV  
  32  3:26  Stimpack  
  34  3:28  Marine, Refinery  
  35  3:35  SCV x2  
  35  3:39  Hellion x2  
  42  3:42  Marine  
  42  3:43  Marine  
  42  3:47  SCV x2  
  45  3:48  Marine  
  46  4:01  Marine x2, SCV x2  
  50  4:04  Orbital Command  
  50  4:06  Marine  
  51  4:13  SCV x2  
  51  4:16  Starport  
  53  4:18  Marine  
  53  4:19  Marine, Supply Depot  
  55  4:25  SCV x2  
  55  4:26  Marine  
  55  4:30  Refinery  
  58  4:37  SCV x3  
  61  4:39  Factory Tech Lab  
  61  4:41  Supply Depot  
  61  4:42  Marine x2  
  61  4:44  Marine  
  64  4:47  Engineering Bay  
  64  4:48  Engineering Bay  
  64  4:50  SCV x2  
  64  4:51  SCV  
  67  4:56  Medivac  
  69  5:02  Medivac  
  69  5:04  Supply Depot, SCV x2  
  69  5:06  SCV  
  77  5:08  Orbital Command  
  77  5:12  Supply Depot  
  77  5:13  Refinery  
  77  5:14  Marine x3  
  74  5:15  Terran Infantry Armor Level 1  
  74  5:16  Terran Infantry Weapons Level 1  
  77  5:25  Siege Tank, SCV x2  
  82  5:29  Supply Depot  
  82  5:32  Marine x3  
  82  5:34  SCV  
  86  5:38  SCV x2  
  86  5:40  Barracks  
  88  5:45  Combat Shield  
  88  5:46  SCV  
  88  5:48  Starport Reactor  
  89  5:50  SCV x2  
  89  5:57  Marine x3  
  91  5:58  Siege Tank, SCV  
  91  6:02  Supply Depot, SCV x2  
  100  6:09  Supply Depot  
  100  6:10  SCV  
  101  6:23  Marine x3, SCV x2  
  106  6:28  Barracks x2  
  106  6:30  SCV  
  107  6:32  Marine  
  107  6:33  Marine, Siege Tank  
  107  6:34  Supply Depot  
  107  6:35  SCV x2  
  114  6:43  SCV  
  114  6:47  Marine x2, SCV  
  114  6:49  SCV  
  117  6:56  Marine x2, SCV  
  117  6:59  Marine  
  118  7:04  Supply Depot, SCV  
  118  7:05  Supply Depot, Armory, Marine x2, Siege Tank  
  124  7:13  Marine  
  124  7:14  Marauder  
  115  7:17  Marine  
  115  7:21  Barracks Tech Lab  
  115  7:22  Barracks Reactor  
  111  7:23  Marine x2  
  111  7:24  Factory, Refinery  
  111  7:25  Command Center  
  111  7:28  Medivac x2  
  117  7:30  SCV x3  
  117  7:31  Marine  
  117  7:35  Marine  
  124  7:40  Marine x2  
  127  7:46  Concussive Shells  
  127  7:47  Marauder x2  
  127  7:49  Marine  
  127  7:51  Siege Tank  
  132  7:53  Marine  
  132  7:55  Supply Depot  
  68  7:58  Marine x2, Medivac x2  
  133  8:03  Barracks  
  133  8:04  Barracks  
  133  8:05  Barracks  
  139  8:07  Marine  
  139  8:10  Marine  
  141  8:13  Marine  
  141  8:18  Marine x2  
  139  8:24  Marine, Marauder x2  
  139  8:25  Marine  
  144  8:27  Factory Reactor  
  144  8:28  Marine, Medivac x2  
  144  8:29  Supply Depot  
  149  8:34  Marine  
  149  8:35  Marine, Supply Depot  
  128  8:43  Marine x2  
  128  8:44  Marine  
  128  8:46  Marauder x2  
  128  8:47  Marine  
  125  8:50  Widow Mine  
  125  8:51  SCV x2  
  125  8:52  Marine  
  125  8:53  Marine  
  125  8:54  Terran Infantry Armor Level 2, Terran Infantry Weapons Level 2  
  117  8:57  Barracks Tech Lab x2, Barracks Reactor  
  117  8:58  Medivac x2  
  121  9:04  Marine x3, Widow Mine x2  
  121  9:07  SCV x3  
  131  9:11  Widow Mine  
  131  9:13  Planetary Fortress  
  133  9:17  Sensor Tower  
  133  9:19  SCV x2  
  135  9:25  Marauder x3  
  135  9:26  Marine, Widow Mine x2, Marauder  
  135  9:28  Marine x2  
  135  9:29  Marine  
  135  9:30  Marine  
  152  9:38  Marine  
  152  9:40  Marine  
  154  9:46  Marauder x2  
  154  9:47  Marauder x2  
  154  9:50  Widow Mine x2  
  161  10:06  Marine x2  
  161  10:07  Marine x4  
  146  10:08  Widow Mine, Marauder x2  
  146  10:10  Marine x2, Marauder x2  
  146  10:12  Widow Mine  
  146  10:14  Unknown, Command Center  
  164  10:15  Supply Depot  
  164  10:24  Marine x3  
  164  10:25  Marine x3  
  164  10:28  Marine x2  
  171  10:29  Marauder x2  
  171  10:30  Widow Mine x2  
  180  10:36  Supply Depot  
  180  10:37  Supply Depot, Marauder x2  
  180  10:41  Marine x2  
  180  10:42  Marine x3  
  185  10:43  Marine  
  185  10:47  Marine x2  
  185  10:49  Widow Mine  
  185  10:50  Marine x2, Drilling Claws  
  185  10:53  Widow Mine  
  175  10:57  Marine  
  175  10:58  Marine  
  175  10:59  Widow Mine  
  169  11:08  Marauder x2  
  169  11:09  Marine x4  
  169  11:10  Marine, Widow Mine  
  180  11:13  Terran Infantry Weapons Level 3, Terran Infantry Armor Level 3  
  180  11:14  Ghost Academy  
  180  11:15  Widow Mine  
  182  11:20  Marauder x2  
  182  11:21  Marine x2  
  182  11:22  Marine  
  189  11:27  Marine  
  189  11:29  Marine  
  189  11:30  Widow Mine  
  189  11:32  Widow Mine  
  185  11:33  Marine x2  
  185  11:38  Medivac  
  185  11:39  Marine x2  
  149  11:41  Marine  
  149  11:42  Marine  
  149  11:43  Marine, Medivac  
  150  11:49  Supply Depot  
  150  11:50  Marauder x2  
  150  11:51  Marine x3, Marauder  
  150  11:52  Marine  
  160  11:57  Marine  
  160  11:59  Marine x2  
  163  12:01  Marauder  
  163  12:07  Medivac  
  167  12:12  Marauder x3  
  167  12:13  Marine x4, Medivac  
  167  12:14  Marine  
  180  12:15  Marine  
  180  12:17  Marine, Widow Mine x2  
  186  12:23  Marauder  
  183  12:33  Marine, Marauder  
  183  12:34  Marine  
  183  12:35  Marine  
  183  12:36  Marine  
  185  12:37  Widow Mine, Medivac  
  185  12:38  Widow Mine  
  185  12:41  Ghost x2  
  185  12:43  Marine x2, Ghost, Medivac  
  189  12:44  Marine x2  
  189  12:46  Planetary Fortress  
  186  12:51  Marine  
  186  12:53  Ghost  
  185  12:59  Marine x2  
  185  13:02  Sensor Tower  
  185  13:05  Marine x3  
  187  13:06  Marine x2  
  187  13:07  Medivac  
  187  13:09  Marine  
  187  13:10  Ghost  
  198  13:13  Medivac  
  198  13:17  Command Center  
  200  13:33  Ghost x2  
  173  13:35  Marine x2, Marauder  
  173  13:37  Marine x2  
  173  13:39  Marauder  
  170  13:41  Widow Mine x2  
  170  13:45  Marine x2  
  172  13:54  Refinery x2, Command Center  
  172  13:55  Ghost  
  172  13:59  Widow Mine, Ghost  
  172  14:02  Widow Mine, Ghost  
  187  14:03  Marauder  
  187  14:08  Marine x3  
  186  14:17  Marine x2  
  186  14:20  Widow Mine x2  
  187  14:24  Marauder  
  187  14:25  Marauder  
  187  14:29  Neosteel Armor, Starport, Hi-Sec Auto Tracking, Marauder  
  193  14:31  Fusion Core, Marauder  
  193  14:38  Marine x5  
  195  14:40  Marine x2  
  195  14:44  Personal Cloaking  
  195  14:52  Marauder  
  195  14:53  Refinery  
  175  15:03  Marine, Marauder x2  
  175  15:04  Marine  
  175  15:05  Marine x2  
  175  15:06  Widow Mine  
  175  15:07  Widow Mine  
  171  15:11  Ghost  
  171  15:13  Ghost  
  173  15:17  Marine x3  
  173  15:18  Marine  
  173  15:21  Marine, Widow Mine  
  178  15:22  Marine  
  178  15:23  Marine x2  
  178  15:24  Ghost x2  
  178  15:28  Widow Mine  
  190  15:29  Sensor Tower  
  190  15:40  Ghost  
  190  15:41  Ghost  
  196  15:45  Widow Mine  
  196  15:48  Widow Mine  
  196  15:49  Widow Mine  
  196  15:53  Medivac x2  
  200  16:01  Command Center  
  200  16:05  Command Center  
  200  16:10  Command Center  
  200  16:31  Marauder  
  173  16:32  Marine  
  173  16:33  Marine x2  
  173  16:38  Marine  
  173  16:39  Marine  
  143  16:40  Marine  
  143  16:42  Marine x3  
  143  16:46  Starport Reactor, Widow Mine  
  142  16:47  SCV  
  142  16:48  Orbital Command, SCV  
  139  16:59  SCV  
  139  17:00  SCV  
  141  17:07  Marine, Marauder x4  
  141  17:08  Marine x4, Widow Mine  
  142  17:09  Marine x2  
  142  17:12  SCV x2  
  142  17:14  Orbital Command  
  136  17:18  Orbital Command  
  136  17:24  SCV  
  136  17:26  Orbital Command  
  136  17:28  SCV  
  120  17:36  SCV  
  114  17:37  Marine  
  109  17:44  Marine  
Show
View Real Time Build Order
Export as new Build Order

Rogue Zerg - Winner!

Build Orders: Hatch First, Lurkers 

Get SALT Encoding   

  12  0:00  Drone  
  13  0:12  Overlord  
  13  0:16  Drone  
  14  0:30  Drone x2  
  16  0:46  Hatchery  
  16  0:48  Drone  
  16  0:52  Drone  
  16  0:55  Drone  
  18  1:05  Extractor  
  18  1:10  Spawning Pool  
  16  1:13  Drone  
  16  1:17  Drone  
  18  1:27  Drone  
  19  1:38  Drone  
  20  1:48  Drone  
  21  1:57  Queen x2  
  21  1:58  Zergling x2  
  21  1:59  Zergling x2  
  27  2:10  Drone, Overlord  
  27  2:12  Metabolic Boost  
  28  2:21  Extractor  
  27  2:26  Drone  
  29  2:31  Hatchery  
  29  2:32  Drone  
  29  2:39  Queen  
  29  2:42  Drone  
  32  2:47  Overlord  
  32  2:49  Drone  
  33  2:52  Drone  
  33  2:55  Drone  
  35  2:59  Drone  
  35  3:03  Overlord  
  36  3:07  Drone x3  
  39  3:13  Drone x2  
  39  3:16  Drone x2  
  43  3:23  Queen  
  43  3:26  Drone  
  46  3:28  Drone  
  46  3:30  Drone  
  48  3:38  Drone  
  49  3:41  Queen  
  49  3:45  Overlord  
  49  3:46  Queen  
  49  3:47  Drone  
  54  3:49  Drone  
  54  3:50  Drone  
  54  3:53  Drone  
  54  3:55  Drone  
  58  3:58  Overlord  
  58  4:02  Queen  
  58  4:06  Drone x3  
  58  4:07  Drone  
  58  4:08  Drone  
  65  4:11  Drone  
  65  4:15  Overlord  
  65  4:16  Overlord  
  66  4:21  Overlord  
  66  4:25  Overlord  
  66  4:27  Drone x3  
  66  4:29  Roach Warren  
  66  4:30  Overlord  
  68  4:34  Queen  
  70  4:39  Drone x4  
  70  4:43  Lair  
  74  4:46  Drone x2  
  74  4:47  Drone, Extractor  
  74  4:48  Extractor  
  74  4:49  Extractor  
  74  4:56  Drone x2  
  74  4:57  Drone x3  
  79  5:01  Overlord  
  79  5:02  Drone x2  
  79  5:03  Extractor x2  
  79  5:04  Drone x2  
  79  5:05  Evolution Chamber  
  79  5:06  Evolution Chamber  
  78  5:15  Roach x5  
  88  5:22  Drone x3  
  88  5:24  Spore Crawler  
  88  5:27  Overlord  
  90  5:33  Zerg Ground Armor Level 1  
  90  5:39  Glial Reconstitution  
  90  5:41  Roach x4  
  98  5:45  Hatchery, Roach x2  
  98  5:47  Drone  
  98  5:48  Drone  
  98  5:49  Drone  
  104  5:50  Drone x2  
  104  5:52  Overseer  
  104  5:54  Roach  
  107  6:00  Zerg Melee Weapons Level 1  
  107  6:02  Drone x2  
  107  6:03  Drone x2, Infestation Pit  
  110  6:05  Drone  
  110  6:06  Drone  
  112  6:13  Overlord  
  112  6:14  Overlord  
  112  6:15  Overlord, Spore Crawler  
  112  6:16  Drone x2  
  113  6:22  Overlord  
  113  6:23  Overlord  
  113  6:26  Spore Crawler  
  113  6:30  Drone  
  113  6:31  Overlord  
  113  6:32  Baneling Nest  
  112  6:33  Overlord  
  112  6:36  Overlord  
  112  6:39  Drone x6  
  118  6:40  Drone  
  118  6:41  Drone  
  118  6:46  Hive  
  120  6:49  Drone x2  
  120  6:50  Roach  
  116  6:57  Drone  
  105  7:02  Drone  
  105  7:03  Drone x5  
  105  7:04  Drone x2  
  105  7:05  Drone  
  105  7:06  Drone  
  109  7:08  Drone  
  109  7:11  Drone  
  109  7:13  Drone  
  102  7:19  Drone  
  102  7:20  Drone  
  102  7:21  Drone  
  103  7:25  Centrifugal Hooks  
  103  7:29  Drone x3  
  106  7:33  Zerg Ground Armor Level 2  
  106  7:34  Hatchery  
  106  7:35  Ravager x3, Overseer  
  106  7:37  Roach  
  110  7:47  Roach x6  
  122  7:52  Zergling x2  
  122  7:53  Zergling x6  
  122  7:54  Zergling x2  
  122  7:57  Ravager x4  
  131  8:02  Zerg Melee Weapons Level 2  
  131  8:04  Roach x3  
  137  8:07  Zergling x6  
  137  8:11  Zergling x2  
  137  8:12  Zergling x6  
  139  8:20  Roach x5  
  139  8:24  Ravager  
  139  8:26  Zergling x10  
  153  8:27  Zergling x4  
  153  8:28  Ravager x2  
  153  8:32  Zergling x2  
  153  8:34  Zergling x2  
  159  8:39  Roach  
  159  8:40  Zergling x8  
  142  8:45  Zergling x14  
  132  8:48  Zergling x2  
  132  8:50  Zergling x4  
  132  8:53  Viper  
  132  8:54  Viper  
  133  8:59  Adrenal Glands  
  133  9:00  Baneling x4  
  133  9:03  Zergling x10  
  133  9:06  Extractor  
  133  9:07  Zergling x2  
  133  9:08  Zergling x6  
  141  9:15  Ultralisk Cavern  
  140  9:19  Drone x2  
  142  9:25  Drone x11  
  153  9:41  Hatchery  
  153  9:42  Baneling x6  
  153  9:43  Baneling x3, Zergling x2  
  153  9:48  Baneling x2  
  153  9:49  Baneling x4, Zergling x2  
  153  9:50  Zergling x8  
  153  9:52  Zergling x10, Extractor  
  162  9:56  Baneling x4  
  154  10:00  Zergling x12  
  154  10:02  Zergling x2  
  156  10:07  Zergling x2  
  156  10:08  Zergling x14  
  156  10:13  Burrow  
  164  10:16  Drone x4  
  164  10:20  Drone x4  
  172  10:24  Hydralisk Den  
  172  10:26  Zerg Ground Armor Level 3, Zerg Missile Weapons Level 1  
  171  10:29  Extractor  
  171  10:30  Baneling x10  
  171  10:31  Baneling  
  171  10:35  Baneling x2  
  170  10:39  Zergling x2  
  170  10:40  Zergling x16  
  176  10:46  Zergling x2  
  160  10:50  Zergling x2  
  160  10:54  Zergling x2  
  160  10:55  Zergling x12  
  158  10:58  Hydralisk  
  158  10:59  Grooved Spines, Hydralisk x5  
  158  11:03  Hydralisk x2  
  168  11:05  Baneling  
  168  11:09  Zergling x10  
  172  11:15  Zergling x2, Hydralisk x2  
  172  11:16  Hydralisk  
  172  11:18  Zergling x12  
  185  11:22  Spore Crawler  
  185  11:23  Baneling  
  185  11:25  Zergling x2  
  173  11:33  Ultralisk  
  173  11:34  Zergling x4  
  173  11:35  Zergling x18  
  173  11:36  Zergling x2  
  173  11:37  Zergling x2  
  173  11:44  Lurker Den  
  173  11:46  Zergling x10  
  173  11:47  Drone x2  
  179  11:48  Drone  
  179  11:49  Muscular Augments  
  179  11:53  Zergling x2  
  180  11:57  Ultralisk  
  180  11:58  Baneling x2  
  186  12:03  Zergling x2  
  186  12:05  Zergling x12  
  186  12:06  Zergling x6  
  186  12:07  Zergling x2  
  187  12:16  Chitinous Plating  
  187  12:21  Baneling x3  
  187  12:25  Zergling x20  
  192  12:31  Overseer x3  
  192  12:33  Zergling x8  
  192  12:34  Overlord  
  193  12:39  Zergling x10  
  195  12:44  Overlord  
  195  12:49  Zergling x2  
  189  12:57  Zerg Missile Weapons Level 2, Overlord x2  
  189  12:58  Overlord  
  189  12:59  Baneling x13  
  189  13:03  Baneling x7  
  189  13:21  Baneling x5, Zerg Melee Weapons Level 3  
  189  13:22  Hatchery, Baneling, Zergling x2  
  189  13:23  Zergling x20  
  199  13:28  Zergling x2  
  178  13:35  Anabolic Synthesis  
  178  13:37  Zergling x2  
  178  13:38  Zergling x32  
  178  13:39  Zergling x2  
  178  13:41  Zergling x2  
  190  13:45  Lurker x4  
  190  13:47  Lurker  
  191  13:49  Zergling x12  
  191  13:55  Zergling x2  
  198  14:04  Zergling x2  
  194  14:14  Zergling x10, Hydralisk x3  
  194  14:15  Overseer  
  187  14:20  Hydralisk  
  187  14:21  Hydralisk x6  
  197  14:29  Drone x2  
  199  14:32  Pneumatized Carapace  
  199  14:33  Overseer  
  199  14:37  Drone  
  200  14:38  Hatchery  
  200  14:39  Nydus Network  
  197  14:46  Baneling x7  
  197  14:47  Baneling x4  
  197  14:50  Zergling x2  
  198  14:54  Zergling x2  
  198  14:55  Zergling x2  
  198  14:58  Baneling x8, Zergling x2  
  180  15:02  Hydralisk x2  
  172  15:07  Zergling x2  
  172  15:10  Zergling x6  
  172  15:11  Zergling x20  
  180  15:14  Zergling x2  
  180  15:15  Zergling x16  
  180  15:18  Zergling x4  
  180  15:21  Zergling x2  
  189  15:22  Baneling x8  
  189  15:23  Lurker x2  
  189  15:24  Zergling x2  
  189  15:27  Zergling x2  
  193  15:31  Zergling x4  
  193  15:32  Zergling x6  
  193  15:35  Zergling x4  
  200  15:36  Baneling x5  
  200  15:38  Zergling x2  
  200  15:39  Lurker  
  200  15:40  Lurker  
  197  15:45  Zergling x8  
  197  15:46  Zergling x2  
  198  15:50  Zergling x2  
  198  15:51  Lurker  
  199  15:58  Overlord  
  199  16:00  Overlord  
  199  16:01  Extractor x2  
  197  16:08  Nydus Network, Nydus Canal  
  196  16:15  Zergling x8  
  200  16:24  Nydus Canal  
  196  16:26  Hydralisk  
  196  16:29  Zergling x28  
  196  16:32  Hydralisk  
  182  16:33  Hydralisk x2  
  182  16:34  Hydralisk x6  
  182  16:39  Hydralisk x2  
  187  16:40  Hydralisk  
  192  16:52  Drone x2  
  192  16:53  Drone x2  
  192  16:54  Zergling x18  
  193  16:58  Overlord  
  198  17:03  Hydralisk  
  199  17:16  Zergling x2  
  199  17:29  Hatchery, Hydralisk  
  160  17:30  Hydralisk x2  
  160  17:34  Zergling x2  
  160  17:35  Zergling x2  
  160  17:37  Zergling x4  
  153  17:38  Baneling x12  
  153  17:39  Baneling x6  
  153  17:43  Zergling x2  
  153  17:44  Zergling x20  
  154  17:47  Zergling x24  
  154  17:48  Zergling x6  
  154  17:49  Zergling x2  
Tags
 
Composition
Lurkers
Matchup
TvZ
Player
ByuNRogue
Spawn Locations
Cross Positions
Add a new tag
Caveats
  • Supply blocks, unpowered buildings, or Contaminate may cause inaccurate times.
  • Supply counts are checked every 10 seconds.